 Dungeon Crawl Stone Soup version 0.17.1-2-g5865329 (webtiles) character file.

788 ImaNewbie the Zephyrmancer (level 7, -1/36 HPs)
             Began as a Tengu Air Elementalist on Feb 2, 2016.
             Was a Follower of Vehumet.
             Shot with an arrow of dispersal by a centaur (12 damage)
             ... on level 6 of the Dungeon on Feb 3, 2016.
             The game lasted 00:51:02 (6250 turns).

ImaNewbie the Zephyrmancer (Tengu Air Elementalist) Turns: 6250, Time: 00:51:02

Health: -1/36      AC:  3    Str:  8    XL:     7   Next: 87%
Magic:  20/20      EV: 12    Int: 17    God:    Vehumet [*.....]
Gold:   477        SH:  0    Dex: 15    Spells: 3 memorised, 4 levels left

rFire  + . .     SeeInvis .     x - staff of summoning
rCold  + . .     Clarity  .     p - +0 robe {rC+ rF+}
rNeg   . . .     SustAt   +     (no shield)
rPois  .         Gourm    .     (helmet restricted)
rElec  .         Spirit   .     (no cloak)
rCorr  .         Warding  +     u - +0 pair of gloves
rMut   .         Stasis   .     (boots unavailable)
MR     .....                    a - amulet of rage
Stlth  ++........               g - ring of magical power
                                d - ring of sustain attributes

@: sluggish, very slow, not resistant to hostile enchantments, unstealthy
A: beak, talons 3, able to fly 1
a: Fly, Renounce Religion, Evoke Berserk Rage


You were on level 6 of the Dungeon.
You worshipped Vehumet.
Vehumet was aware of your devotion.
You were very hungry.

You visited 1 branch of the dungeon, and saw 6 of its levels.
You also visited: Sewer and Ossuary.

You collected 477 gold pieces.

Inventory:

Armour
 p - a +0 robe of resistance (worn)
 u - a +0 pair of gloves (worn)
Magical Staves
 x - an uncursed staff of summoning (weapon)
Jewellery
 a - an amulet of rage (around neck)
 d - a ring of sustain attributes (left hand)
 g - a ring of magical power (right hand)
Wands
 m - a wand of confusion (30)
 y - a wand of magic darts (26)
Scrolls
 e - a scroll of noise {unknown}
 h - a scroll of blinking {unknown}
 i - 3 scrolls of amnesia {unknown}
 j - 3 scrolls of teleportation {unknown}
 k - 3 scrolls of remove curse {unknown}
 r - a scroll of fear {unknown}
 s - 4 scrolls of identify {unknown}
Potions
 f - 5 potions of curing {unknown}
 l - 4 potions of flight {unknown}
 n - 5 potions of lignification {unknown}
 o - 2 potions of heal wounds
 q - a potion of might {unknown}
 t - 2 potions of ambrosia {unknown}
 v - a potion of degeneration {unknown}
 w - a potion of haste {unknown}
 z - a potion of beneficial mutation {unknown}
 A - 2 potions of brilliance {unknown}
 B - a potion of magic {unknown}
 C - 2 potions of berserk rage {unknown}
Books
 b - a book of Air

   Spells                             Type                      Level
   a - Shock                          Conjuration/Air              1
   b - Swiftness                      Charms/Air                   2
   c - Repel Missiles                 Charms/Air                   2
   d - Static Discharge               Conjuration/Air              3
   e - Lightning Bolt                 Conjuration/Air              5
Comestibles
 c - 3 bread rations
 D - a beef jerky


   Skills:
 + Level 0.0 Fighting
 + Level 2.1 Dodging
 - Level 2.0 Stealth
 + Level 2.0 Spellcasting
 - Level 6.3 Conjurations
 - Level 10.0 Air Magic


You had 4 spell levels left.
You knew the following spells:

 Your Spells              Type           Power        Failure   Level  Hunger
a - Shock                 Conj/Air       ####         1%          1    #......
b - Static Discharge      Conj/Air       ####....     1%          3    ###....
c - Swiftness             Chrm/Air       ###.....     3%          2    ###....


Dungeon Overview and Level Annotations

Branches:
Dungeon (6/15)             Temple (0/1) D:6

Altars:
Cheibriados
Nemelex Xobeh
Vehumet
Xom

Annotations:
D:2 exclusion: 2 downstairs
D:3 Grinder, Purgy, Robin
D:4 Dowan, Duvessa


Innate Abilities, Weirdness & Mutations

You have a beak for a mouth.
You have claws for feet.
You can fly.


Message History

You feel quick.
The centaur shoots an arrow of dispersal.
The arrow of dispersal hits you!
You blink.
You start to feel a little slower.
You feel sluggish.
The centaur shoots an arrow of dispersal.
The arrow of dispersal hits you.
You blink.
The centaur shoots an arrow of dispersal.
The arrow of dispersal closely misses you.
The centaur shoots an arrow of dispersal.
The arrow of dispersal barely misses you.
You start to feel a little faster.
The centaur shoots an arrow of dispersal.
The arrow of dispersal barely misses you.
You hear a distant slurping noise.
The centaur shoots an arrow of dispersal.
The arrow of dispersal closely misses you.
The centaur shoots an arrow of dispersal.
The arrow of dispersal hits you!
You die...

##.......c.c..#
#.............'.# #
#.............###
.#.#.#...###########
..........#
..........#
##.#.###c.## #. #.
#...#### # ..
#...##@# .. ##...#.#
.. #...#.# ##..#.#
#..#.# ##.c.# #...#
##..#.# #..#.#


You could see a centaur.

Vanquished Creatures
  Eustachio (D:5)
  A big kobold (Sewer)
  2 scorpions (D:5)
  2 jellies (D:5)
  2 iguanas
  An orc wizard (D:5)
  Jessica (D:2)
  Terence (D:1)
  A worker ant (D:5)
  A killer bee zombie (D:5)
  A hound skeleton (D:4)
  8 mummies (Ossuary)
  3 adders
  A river rat (Sewer)
  An ooze (D:3)
  3 worms
  2 giant geckos
  7 orcs (D:5)
  7 giant cockroaches
  A gnoll zombie (Ossuary)
  5 goblins
  4 hobgoblins
  7 kobolds
  A quokka (D:1)
  4 bats
  5 giant newts
  A hobgoblin zombie (Ossuary)
  4 jackals
  4 kobold zombies (Ossuary)
  2 orc zombies (Ossuary)
  8 rats
92 creatures vanquished.

Notes
Turn   | Place    | Note
--------------------------------------------------------------
     0 | D:1      | ImaNewbie the Tengu Air Elementalist began the quest for the Orb.
     0 | D:1      | Reached XP level 1. HP: 10/10 MP: 4/4
   244 | D:1      | Reached XP level 2. HP: 15/15 MP: 4/6
  1560 | D:2      | Reached XP level 3. HP: 19/19 MP: 3/7
  1608 | D:2      | Noticed Terence
  1622 | D:1      | Learned a level 3 spell: Static Discharge
  1724 | D:1      | Killed Terence
  1724 | D:1      | Reached skill level 5 in Air Magic
  2108 | D:2      | Learned a level 2 spell: Swiftness
  2193 | D:2      | Reached XP level 4. HP: 24/24 MP: 8/8
  2230 | D:2      | Noticed Jessica
  2418 | D:2      | Killed Jessica
  2418 | D:2      | Reached skill level 6 in Air Magic
  2517 | D:3      | Noticed Grinder
  2527 | D:3      | Paralysed by Grinder for 7 turns
  2539 | D:3      | Paralysed by Grinder for 6 turns
  2898 | D:3      | Found a shimmering altar of Xom.
  2898 | D:3      | Noticed Robin
  2915 | D:3      | Found a glowing drain.
  2936 | Sewer    | Entered a sewer
  2944 | Sewer    | Gained mutation: You can fly. [Tengu growth]
  2944 | Sewer    | Reached XP level 5. HP: 28/28 MP: 9/9
  3006 | Sewer    | Noticed a big kobold
  3018 | Sewer    | Killed a big kobold
  3018 | Sewer    | Reached skill level 7 in Air Magic
  3047 | Sewer    | Found a glowing silver altar of Zin.
  3126 | D:3      | Noticed Purgy
  3337 | D:4      | Found a snail-covered altar of Cheibriados.
  3343 | D:4      | Found a radiant altar of Vehumet.
  3349 | D:4      | Became a worshipper of Vehumet
  3548 | D:4      | Found a sparkling altar of Nemelex Xobeh.
  3622 | D:4      | Noticed Duvessa
  3738 | D:4      | Reached XP level 6. HP: 32/32 MP: 10/10
  3794 | D:4      | Noticed Dowan
  4195 | D:5      | Entered Level 5 of the Dungeon
  4377 | D:5      | Reached skill level 8 in Air Magic
  4420 | D:5      | Found a sand-covered staircase.
  4467 | Ossuary  | Entered an ossuary
  4533 | Ossuary  | Reached * piety under Vehumet
  4533 | Ossuary  | Offered knowledge of Sting by Vehumet.
  4535 | Ossuary  | Reached skill level 5 in Conjurations
  4820 | Ossuary  | Reached XP level 7. HP: 36/36 MP: 11/11
  5212 | D:5      | Reached skill level 9 in Air Magic
  5376 | D:5      | Noticed Eustachio
  5393 | D:5      | Killed Eustachio
  5968 | D:5      | Reached skill level 10 in Air Magic
  6184 | D:6      | Found a staircase to the Ecumenical Temple.
  6250 | D:6      | Shot with an arrow of dispersal by a centaur

Action                   |  1- 3 |  4- 6 |  7- 9 || total
-------------------------+-------+-------+-------++-------
Melee: Unarmed           |     8 |     1 |       ||     9
 Cast: Shock             |    68 |   152 |    54 ||   274
       Static Discharge  |     2 |     2 |       ||     4
       Swiftness         |       |     2 |     1 ||     3
 Abil: Fly               |       |     1 |       ||     1
 Stab: Sleeping          |       |     1 |       ||     1
  Eat: Chunk             |     5 |    10 |     1 ||    16
       Bread ration      |       |       |     1 ||     1
